 Dungeon Crawl Stone Soup version 0.29.1-15-g9cfb28693d (webtiles) character file.

Game seed: 1642446949966596406

144 EarthwalkerPL the Covered (level 5, -1/47 HPs)
             Began as a Minotaur Fighter on Feb 22, 2023.
             Killed from afar by an orc wizard (3 damage)
             ... with a magic dart
             ... on level 4 of the Dungeon.
             The game lasted 00:02:55 (2579 turns).

EarthwalkerPL the Covered (Minotaur Fighter)        Turns: 2579, Time: 00:02:56

Health: -1/47      AC:  7    Str: 22    XL:     5   Next: 5%
Magic:  4/4        EV:  9    Int:  5    God:
Gold:   197        SH:  4    Dex: 10    Spells: 4/4 levels left

rFire   . . .      SeeInvis .   a - +0 war axe
rCold   . . .      Faith    .   c - +0 buckler
rNeg    . . .      Spirit   .   b - +0 scale mail
rPois   .          Reflect  .   (helmet restricted)
rElec   .          Harm     .   t - scarf {+Inv}
rCorr   .          Rampage  .   (no gloves)
Will    .....                   (no boots)
Stlth   ..........              (no amulet)
HPRegen 0.15/turn               (no ring)
MPRegen 0.09/turn               (no ring)

@: no status effects
A: horns 2, retaliatory headbutt
a: Evoke Invisibility


You were on level 4 of the Dungeon.
You visited 1 branch of the dungeon, and saw 4 of its levels.

You collected 197 gold pieces.

Inventory:

Hand Weapons
 a - a +0 war axe (weapon)
Missiles
 s - 4 poisoned darts (quivered)
Armour
 b - a +0 scale mail (worn)
 c - a +0 buckler (worn)
 t - a scarf of invisibility (worn)
Jewellery
 i - a ring of fire
 p - an amulet of magic regeneration
Scrolls
 e - a scroll of noise {unknown}
 g - 2 scrolls of identify {unknown}
 h - 2 scrolls of teleportation {unknown}
 m - a scroll of silence {unknown}
 n - a scroll of magic mapping {unknown}
 o - a scroll of amnesia {unknown}
 q - a scroll of enchant armour {unknown}
 r - 3 scrolls of torment {unknown}
Potions
 d - a potion of might
 f - a potion of curing {unknown}
 j - a potion of lignification {unknown}
 k - a potion of resistance {unknown}
 l - a potion of degeneration {unknown}


   Skills:
 * Level 4.8 Fighting
 * Level 3.9 Axes
 * Level 4.9 Armour
 + Level 4.1 Shields


You had 4 spell levels left.
You didn't know any spells.
Your spell library contained the following spells:

 Spells                   Type           Power      Damage    Failure   Level
 Beastly Appendage        Tmut           0%         N/A       86%         1
 Sandblast                Erth           0%         2d4       86%         1
 Ignite Poison            Fire/Tmut/Pois 0%         N/A       99%         3
 Mephitic Cloud           Conj/Pois/Air  0%         N/A       99%         3
 Teleport Other           Tloc           0%         N/A       99%         3
 Blade Hands              Tmut           0%         N/A       100%        5
 Freezing Cloud           Conj/Ice/Air   0%         6-21      100%        5
 Statue Form              Tmut/Erth      0%         N/A       100%        6
 Malign Gateway           Summ/Tloc      0%         N/A       100%        7


Dungeon Overview and Level Annotations

Branches:
Dungeon (4/15)
 Temple: D:4-7

Altars:
Cheibriados
Xom


Innate Abilities, Weirdness & Mutations

You have a pair of horns on your head.
You reflexively headbutt those who attack you in melee.


Message History

The orc wizard hits you but does no damage.
The orc priest calls upon Beogh to heal the orc wizard.
The orc wizard is healed somewhat.
The iguana barely misses you. The iguana bites you.
You block the orc wizard's attack. The endoplasm freezes you.
You are frozen.
You closely miss the orc wizard. Your headbutt misses the orc wizard.
The orc wizard is moderately wounded.
You barely miss the endoplasm. You slash the orc priest!
You barely miss the iguana.
A hobgoblin comes into view.
You block the orc wizard's attack. The endoplasm closely misses you.
You furiously retaliate!
You headbutt the endoplasm. The iguana bites you.
The orc priest calls down the wrath of Beogh upon you.
Beogh smites you!
You are too injured to fight recklessly!
Unknown command.
You are too injured to fight recklessly!
Unknown command.
You are too injured to fight recklessly!
Unknown command.
You closely miss the orc priest. You headbutt the orc priest.
The orc priest is severely wounded.
You barely miss the orc wizard. You slash the endoplasm!
You kill the endoplasm!
You hit the iguana but do no damage. You block the iguana's attack.
The orc priest hits you with a +2 falchion of holy wrath!
* * * LOW HITPOINT WARNING * * *
The orc wizard hits you but does no damage.
You slash the orc priest!
You kill the orc priest!
You barely miss the iguana. You slash the goblin!
You kill the goblin!
You barely miss the orc wizard. The iguana closely misses you.
The orc wizard closely misses you. You furiously retaliate!
You headbutt the orc wizard. The iguana bites you!
* * * LOW HITPOINT WARNING * * *
The orc wizard points at you and mumbles some strange words.
The magic dart hits you.
You die...

##### ....
#..# ###g.##
#.##.).).#
#....o@l.#
#.##.#......#
.. ....####
... .#.#.#
##. ###.#.# #
#.#.# $.# #
###


You could see an iguana, an orc wizard and a hobgoblin.

Vanquished Creatures
  An orc priest (D:4)
  3 gnolls (D:3)
  3 adders
  A worm (D:3)
  2 dart slugs
  2 orcs
  4 bats (D:2)
  4 endoplasms
  4 giant cockroaches
  6 hobgoblins
  13 jackals
  4 quokkas
  6 ball pythons
  2 frilled lizards
  11 goblins
  5 kobolds
  A rat (D:2)
72 creatures vanquished.

Notes
Turn   | Place    | Note
-------+----------+-------------------------------------------
     0 | D:1      | EarthwalkerPL the Minotaur Fighter began the quest for the
                  | Orb.
     0 | D:1      | Reached XP level 1. HP: 19/19 MP: 0/0
   417 | D:1      | Reached XP level 2. HP: 27/27 MP: 1/1
   470 | D:1      | Found a faded altar of an unknown god.
   572 | D:1      | Got the Handbook of Unstable Lightning
   942 | D:2      | Reached XP level 3. HP: 30/33 MP: 2/2
  1064 | D:2      | Got Yjaoniwn's Parchment of Hyperbolic Spelunking
  1509 | D:3      | Reached XP level 4. HP: 22/41 MP: 3/3
  1763 | D:3      | Found a snail-covered altar of Cheibriados.
  2117 | D:3      | Found a shimmering altar of Xom.
  2344 | D:3      | Reached XP level 5. HP: 43/47 MP: 4/4
  2579 | D:4      | HP: 2/47 [iguana (10)]
  2579 | D:4      | Killed from afar by an orc wizard

Illustrated notes

Levels and vault maps discovered:
D:1:      dpeg_arrival_leaves_temple_mockup, layout_basic,
          shapermc_ecumenical_altar_acropolis
D:2:      layout_rooms, minmay_pentomino_u2
D:3:      layout_basic, kennysheep_slug_shrine, mainiacjoe_overflow_boulevard,
          minmay_unequal
D:4:      layout_loops_cross, elyvilon_altar_3, vehumet_crystals,
          mainiacjoe_overflow_alcove_1

Skill      XL: |  1  2  3 |
---------------+----------+-----
Fighting       | 4 |  4.8
Axes           | 3 |  3.9
Armour         | 4 |  4.9
Shields        | 4 |  4.1

Action                   |  1- 3 |  4- 6 || total
-------------------------+-------+-------++-------
Melee: War axe           |    95 |    49 ||   144
       Headbutt          |    12 |    12 ||    24
Armor: Scale mail        |    49 |    22 ||    71
Dodge: Dodged            |    44 |    17 ||    61
Block: Buckler           |    19 |    24 ||    43
